 Dungeon Crawl Stone Soup version 0.18.1-8-gdd0e5ea (webtiles) character file.

239 raph the Magician (level 5, -5/28 HPs)
             Began as a Deep Elf Fire Elementalist on May 23, 2016.
             Killed from afar by an orc wizard (7 damage)
             ... with a magic dart
             ... on level 3 of the Dungeon.
             The game lasted 00:10:23 (3859 turns).

raph the Magician (Deep Elf Fire Elementalist)      Turns: 3859, Time: 00:10:24

Health: -5/28      AC:  2    Str:  6    XL:     5   Next: 79%
Magic:  10/14      EV: 18    Int: 20    God:
Gold:   161        SH:  5    Dex: 20    Spells: 5 memorised, 1 level left

rFire  . . .     SeeInvis .     e - +0 dagger
rCold  . . .     Gourm    .     a - +0 robe
rNeg   . . .     Faith    .     n - +0 buckler
rPois  .         Spirit   .     (no helmet)
rElec  .         Dismiss  .     (no cloak)
rCorr  .         Reflect  .     (no gloves)
SustAt .         Harm     .     (no boots)
MR     .....                    (no amulet)
Stlth  ++++......               (no ring)
                                l - ring of wizardry

@: agile, not resistant to hostile enchantments, stealthy
A: no striking features
a: no special abilities


You were on level 3 of the Dungeon.
You were not hungry.

You visited 1 branch of the dungeon, and saw 4 of its levels.

You collected 161 gold pieces.

Inventory:

Hand Weapons
 e - a +0 dagger (weapon)
Missiles
 v - 68 stones (quivered)
Armour
 a - a +0 robe (worn)
 n - a +0 buckler (worn)
Jewellery
 l - a ring of wizardry (left hand)
 D - a +3 ring of intelligence {unknown}
Wands
 q - a wand of confusion (34/48)
Scrolls
 h - a scroll of noise {unknown}
 m - a scroll of fear {unknown}
 o - 4 scrolls of identify {unknown}
 r - 2 scrolls of immolation {unknown}
 t - 3 scrolls of teleportation {unknown}
 y - a scroll of remove curse {unknown}
 B - a scroll of enchant weapon {unknown}
 C - a scroll of random uselessness {unknown}
Potions
 d - a potion of might {unknown}
 f - a potion of flight {unknown}
 g - 2 potions of haste {unknown}
 i - a potion of agility
 j - a potion of degeneration {unknown}
 k - 2 potions of cancellation {unknown}
 s - a potion of curing {unknown}
 u - a potion of ambrosia {unknown}
 A - a potion of lignification {unknown}
Books
 b - a book of Flames

   Spells                             Type                      Level
   a - Flame Tongue                   Conjuration/Fire             1
   b - Throw Flame                    Conjuration/Fire             2
   c - Conjure Flame                  Conjuration/Fire             3
   d - Inner Flame                    Hexes/Fire                   3
   e - Sticky Flame                   Conjuration/Fire             4
   f - Fireball                       Conjuration/Fire             5
Comestibles
 c - 5 bread rations
 p - a meat ration
 w - a beef jerky
 x - 3 chunks of flesh
 z - 3 fruits


   Skills:
 + Level 2.7 Dodging
 + Level 2.9 Stealth
 * Level 1.2 Shields
 + Level 5.2 Spellcasting
 + Level 2.7 Conjurations
 + Level 1.1 Hexes
 + Level 4.6 Fire Magic


You had one spell level left.
You knew the following spells:

 Your Spells              Type           Power        Failure   Level  Hunger
a - Flame Tongue          Conj/Fire      ###..        1%          1    None
b - Throw Flame           Conj/Fire      ###...       3%          2    None
c - Conjure Flame         Conj/Fire      ###.....     6%          3    ##.....
d - Inner Flame           Hex/Fire       ###.....     7%          3    ##.....
e - Sticky Flame          Conj/Fire      ###.....     17%         4    ####...


Dungeon Overview and Level Annotations

Branches:
Dungeon (4/15)
 Temple: D:4-7

Altars:
Trog
The Shining One


Message History

Confirm with . or Enter, or press ? or * to list all spells.
Aiming: Sticky Flame
Press: ? - help, Shift-Dir - straight line, f - orc wizard
Aim: an orc wizard, wielding a dagger and wearing a robe (heavily wounded, fast)
The sticky flame hits the orc wizard.
The orc wizard is severely wounded.
The orc wizard is covered in liquid flames!
The orc wizard burns!
You kill the orc wizard!
You hear some strange, mumbled words.
A puff of flame appears from out of thin air!
The puff of flame hits you!
* * * LOW HITPOINT WARNING * * *
Drink which item? (? for menu, Esc to quit)
It was a potion of agility.
You feel agile all of a sudden. Something hits you but does no damage.
A magic dart appears from out of thin air!
The magic dart hits you!
You die...

.###......## #.# ####.#.#
#.#.##.....# #.# #..).[.#
........>..# #.# #.##.#.#
.#..##.....###.###.####.#
.##.###.#..##...##.# #.#
.##....###.)o....#.# #.#
.....##.#..##o...#.####.#
.....###.#.###.#........#
............)...@..######
.##..###.......#####
.....# ###.##### .###.#
#.# .###.#####.#
...........# .....#######
######


You could see 2 orcs.

Vanquished Creatures
  A scorpion (D:3)
  An orc wizard (D:3)
  3 gnolls (D:2)
  3 adders
  5 worms
  2 dart slugs
  A giant gecko (D:3)
  6 orcs (D:3)
  12 goblins
  2 hobgoblins (D:1)
  9 jackals
  3 ball pythons
  10 bats
  2 giant newts (D:2)
  11 kobolds
  16 rats
87 creatures vanquished.

Notes
Turn   | Place    | Note
--------------------------------------------------------------
     0 | D:1      | raph the Deep Elf Fire Elementalist began the quest for the Orb.
     0 | D:1      | Reached XP level 1. HP: 10/10 MP: 6/6
   118 | D:1      | Reached XP level 2. HP: 15/15 MP: 1/8
   437 | D:1      | Learned a level 2 spell: Throw Flame
   846 | D:2      | Reached XP level 3. HP: 19/19 MP: 6/10
   912 | D:2      | Learned a level 3 spell: Conjure Flame
   916 | D:2      | Learned a level 3 spell: Inner Flame
   950 | D:2      | Reached skill level 4 in Spellcasting
  1442 | D:2      | Reached XP level 4. HP: 12/24 MP: 3/12
  1650 | D:2      | Noticed a moth of wrath
  1652 | D:2      | Found a bloodstained altar of Trog.
  2358 | D:3      | Reached skill level 1 in Hexes
  2358 | D:3      | Reached XP level 5. HP: 28/28 MP: 1/14
  2608 | D:3      | Reached skill level 1 in Shields
  2914 | D:3      | Reached skill level 5 in Spellcasting
  3104 | D:3      | Learned a level 4 spell: Sticky Flame
  3439 | D:3      | Found a glowing golden altar of the Shining One.
  3855 | D:3      | HP: 1/28 [something/puff of flame (7)]
  3859 | D:3      | Killed from afar by an orc wizard

Skill      XL: |  1  2  3  4  5 |
---------------+----------------+-----
Spellcasting   | 4 5 |  5.2
Fire Magic     | 4 |  4.6
Conjurations   | 2 |  2.7
Hexes          | 1 |  1.1
Shields        | 1 |  1.2
Dodging        | |  2.7
Stealth        | |  2.9

Action                   |  1- 3 |  4- 6 || total
-------------------------+-------+-------++-------
Melee: Dagger            |       |     3 ||     3
Throw: Stone             |       |     5 ||     5
 Cast: Flame Tongue      |    46 |    67 ||   113
       Throw Flame       |    18 |    29 ||    47
       Conjure Flame     |     3 |     9 ||    12
       Inner Flame       |     1 |     3 ||     4
       Sticky Flame      |       |     1 ||     1
  Use: Potion            |       |     1 ||     1
 Stab: Sleeping          |       |     1 ||     1
  Eat: Beef jerky        |     1 |       ||     1
       Chunk             |       |     9 ||     9
Armor: Robe              |     1 |     2 ||     3
Dodge: Dodged            |    16 |    12 ||    28
Block: Buckler           |       |     4 ||     4
